Unix NetHack Version 5.0.0-0 post-release - last build May 10 2026 23:12:36 (d1fa5d53e341ca933230fdaa984d921c805b60aa,branch:main).

Game began 2026-05-11 18:09:40, ended 2026-05-11 18:23:13.

CaptainEquinox, neutral female human Valkyrie

          ------
          |....+
         #.....|
         #|<...|
         #---- -
         #
         #
         #
         #
         #
 --------#
 |[+)[(.|#
 |?*(([.|#
 |[[*%=.|#
 |*[([..-#
 |)(?(@.|
 |*)A@r.|
 -----.--

CaptainEquinox the Skirmisher  St:16 Dx:12 Co:18 In:8 Wi:10 Ch:7  Neutral
Dlvl:5  $:0  HP:0(32) Pw:6(6) AC:6  Xp:3 T:1277  Hallu

Latest messages:
 You drop a scroll labeled ELAM EBOW.
 Ganden offers 8 gold pieces for your scroll labeled ELAM EBOW.  Sell it? [ynaq] (n) n
 What do you want to drop? [$a-df-il-np-su-zAB or ?*] ?
 You drop a scroll labeled KIRJE.
 Beinn a Ghlo offers 38 gold pieces for your scroll labeled KIRJE.  Sell it? [ynaq] (n) n
 What do you want to drop? [$a-df-il-np-ru-zAB or ?*] ?
 You drop 2 scrolls labeled PRATYAVAYAH.
 Brienz offers 60 gold pieces for your scrolls labeled PRATYAVAYAH.  Sell them? [ynaq] (n) n
 e - a scroll labeled ELAM EBOW.
 s - a scroll labeled KIRJE.
 h - 2 scrolls labeled PRATYAVAYAH.
 What do you want to read? [eghs or ?*] e
 As you read the scroll, it disappears.
 This is an identify scroll.
 n - a cursed -2 ring of increase damage.
 What do you want to drop? [$a-df-il-np-su-zAB or ?*] n
 You drop a cursed -2 ring of increase damage.
 Clonegal offers 75 gold pieces for your ring of increase damage.  Sell it? [ynaq] (n) y
 You sold a cursed -2 ring of increase damage for 75 gold pieces.
 What do you want to drop? [$a-df-ilmp-su-zAB or ?*] ?
 You drop 7 arrows.
 Gweebarra offers 7 gold pieces for your arrows.  Sell them? [ynaq] (n) n
 u - 7 arrows.
 Strong Bad picks up a scroll.
 That looking glass is a gray ooze!
 You miss the hobbit.
 You miss the rabid rat.
 You miss the wee green blobbie.
 The gloating eye drops a scroll.
 You miss the jabberwock.
 The monkey hits!
 You hit the cobra!
 The sergeant hits!
 You hear a door open.
 What do you want to zap? [rz or ?*] ?
 In what direction? 2
 Rhydaman leaps towards you!
 "How dare you dig into my shop?"
 The fraggle hits!
 The python zaps a wand!
 The wand misses you.
 The brogmoid zaps a wand!
 The wand hits you!
 You die...
 Aklavik takes all your possessions.
 Do you want to see what you had when you died? [ynq] (y) y
 Do you want to see your attributes? [ynq] (y) y
 Do you want an account of creatures vanquished? [ynaq] (y) y
 Do you want to see your conduct and achievements? [ynq] (y) y
 Do you want to see the dungeon overview? [ynq] (y) y

Inventory:
 Weapons  (')')
  v - a +0 arrow
  u - 7 cursed -1 arrows
  b - a +0 dagger (at the ready)
  x - a +0 elven dagger
  l - a +0 orcish dagger
  a - a +1 spear (weapon in right hand)
 Armor    ('[')
  c - an uncursed +3 small shield (being worn)
  y - an uncursed +0 dwarvish cloak
  f - an uncursed +0 studded leather armor
 Comestibles  ('%')
  i - 2 uncursed cram rations
  d - 2 uncursed food rations
  A - 2 uncursed tins of french fried acid blob
 Scrolls  ('?')
  s - an uncursed scroll of confuse monster
  h - 2 uncursed scrolls of enchant armor
 Spellbooks  ('+')
  g - an uncursed spellbook of healing
 Potions  ('!')
  w - an uncursed potion of monster detection
 Wands    ('/')
  z - a wand of digging (0:4)
  r - a wand of digging (0:3)
 Tools    ('(')
  m - an uncursed blindfold
  B - a blessed crystal ball (0:7)
  q - a cursed tin opener
  p - a cursed wax candle

CaptainEquinox the Valkyrie's attributes:

Background:
 You were a Skirmisher, a level 3 human Valkyrie.
 You were neutral, nominally on a mission for Odin
 who was opposed by Tyr (lawful) and Loki (chaotic).
 You were right-handed.
 You were in the Dungeons of Doom, on level 5.
 You entered the dungeon 1277 turns ago.
 You had 75 experience points, 5 more were needed to attain level 4.

Basics:
 You had 0 out of 32 hit points.
 You had all 6 energy points (spell power).
 Your armor class was 6.
 Your wallet was empty.
 Autopickup was off.

Final Characteristics:
 Your strength was 16 (peak:18/02, limit:18/100).
 Your dexterity was 12 (limit:18).
 Your constitution was 18 (limit:18).
 Your intelligence was 8 (limit:18).
 Your wisdom was 10 (limit:18).
 Your charisma was 7 (limit:18).

Final Status:
 You were hallucinating.
 You weren't hungry.
 You were unencumbered.
 You were wielding a spear.
 You had basic skill with spear.

Final Attributes:
 You were devoutly aligned.
 You were cold resistant.
 You were stealthy.
 You are dead.

Miscellaneous:
 You didn't encounter any bones levels.
 Total elapsed playing time was 13 minutes and 32 seconds.

Major events:
 Turn
    1: CaptainEquinox the neutral human Valkyrie entered the dungeon
  907: attained the rank of Skirmisher (level 3)
 1277: killed by a wand

You didn't know any spells.

Skills:
 Fighting Skills
   bare handed combat [Unskilled]
   two weapon combat  [Unskilled]
   riding             [Unskilled]
 Weapon Skills
   dagger             [Basic]
   axe                [Unskilled]
   pick-axe           [Unskilled]
   short sword        [Unskilled]
   broadsword         [Unskilled]
   long sword         [Unskilled]
   two-handed sword   [Unskilled]
   saber              [Unskilled]
   hammer             [Unskilled]
   quarterstaff       [Unskilled]
   polearms           [Unskilled]
   spear              [Basic]
   trident            [Unskilled]
   lance              [Unskilled]
   sling              [Unskilled]
 Spellcasting Skills
   attack spells      [Unskilled]
   escape spells      [Unskilled]

Voluntary challenges:
 Character rerolling was not enabled.
 You were an atheist.
 You never genocided any monsters.
 You never polymorphed an object.
 You never changed form.
 You used no wishes.
Achievements:
 You attained the rank of Skirmisher.
 You entered a shop.

 The Dungeons of Doom: levels 1 to 5
    Level 1:
       Many fountains.
    Level 2:
    Level 3:
       A potion shop, some sinks.
    Level 4:
       A sink.
    Level 5: <- You were here.
       A general store.
       Final resting place for
          you, killed by a wand.


Vanquished creatures:
  a shrieker
  a little dog
  a gas spore
  a hobbit
  2 giant rats
  a yellow mold
  a gnome zombie
  2 geckos
  a jackal
  a fox
  2 goblins
  a sewer rat
  4 grid bugs
  2 lichens
  a kobold zombie
  4 newts
26 creatures vanquished.

No species were genocided or became extinct.

Game over:
                       ----------
                      /          \
                     /    REST    \
                    /      IN      \
                   /     PEACE      \
                  /                  \
                  |  CaptainEquinox  |
                  |       0 Au       |
                  | killed by a wand |
                  |                  |
                  |                  |
                  |                  |
                  |       2026       |
                 *|     *  *  *      | *
        _________)/\\_//(\/(/\)/\//\/|_)_______

Farvel CaptainEquinox the Valkyrie...

You died in The Dungeons of Doom on dungeon level 5 with 520 points,
and 0 pieces of gold, after 1277 moves.
You were level 3 with a maximum of 32 hit points when you died.

